 Dungeon Crawl Stone Soup version 0.24.0-123-gd5b16e6ec5 (webtiles) character file.

Game seed: 4550354320643702274, levelgen mode: deterministic

480 4FPSwarrior the Charmwright (level 7, 0/84 HPs)
             Began as a Gnoll Skald on Feb 2, 2020.
             Was an Initiate of Okawaru.
             Slain by a black bear (4 damage)
             ... on level 8 of the Dungeon.
             The game lasted 00:17:49 (3888 turns).

4FPSwarrior the Charmwright (Gnoll Skald)           Turns: 3888, Time: 00:17:49

Health: 0/84       AC: 10    Str: 19    XL:     7   Next: 11%
Magic:  15/15      EV: 19    Int: 21    God:    Okawaru [......]
Gold:   301        SH:  0    Dex: 20    Spells: 11/17 levels left

rFire    x . .     SeeInvis .   h - +0 lajatang
rCold    + . .     Gourm    .   (shield currently unavailable)
rNeg     + . .     Faith    .   m - +0 ring mail
rPois    .         Spirit   .   A - +0 helmet
rElec    .         Reflect  .   e - +0 cloak
rCorr    .         Harm     .   i - +0 pair of gloves
MR       .....                  c - +0 pair of boots
Stlth    ..........             (no amulet)
HPRegen  0.24/turn              w - ring of ice
MPRegen  0.14/turn              B - ring of positive energy

@: brilliant, agile, berserking (expiring), flying, very quick
A: distributed training, fangs 1, strong nose
a: Renounce Religion


You were on level 8 of the Dungeon.
You worshipped Okawaru.
Okawaru was noncommittal.
You were not hungry.

You visited 2 branches of the dungeon, and saw 7 of its levels.

You collected 301 gold pieces.

Inventory:

Hand Weapons
 a - a +1 falchion
 h - a +0 lajatang (weapon)
 k - a cursed +0 dagger
Missiles
 f - 35 arrows
 j - 5 boomerangs (quivered)
Armour
 c - a +0 pair of boots (worn)
 e - a +0 cloak (worn)
 i - a +0 pair of gloves (worn)
 m - a +0 ring mail (worn)
 A - a +0 helmet (worn)
Jewellery
 w - a ring of ice (left hand)
 B - a ring of positive energy (right hand)
Wands
 s - a wand of polymorph (6)
 y - a wand of flame (20)
 C - a wand of scattershot (11)
Scrolls
 b - 2 scrolls of teleportation
 r - 4 scrolls of identify
 t - 4 scrolls of remove curse
 x - a scroll of enchant armour {unknown}
 z - a scroll of enchant weapon
 D - a scroll of fog {unknown}
Potions
 g - 2 potions of mutation
 n - a potion of degeneration
 p - a potion of magic {unknown}
 u - a potion of agility
Comestibles
 d - 11 rations
 v - 8 chunks of flesh


   Skills:
 + Level 5.1 Fighting
 + Level 2.2 Short Blades
 + Level 5.1 Long Blades
 + Level 2.2 Axes
 + Level 2.2 Maces & Flails
 + Level 2.2 Polearms
 + Level 2.2 Staves
 + Level 2.2 Slings
 + Level 2.2 Bows
 + Level 2.2 Crossbows
 + Level 2.2 Throwing
 + Level 3.4 Armour
 + Level 5.1 Dodging
 + Level 2.2 Stealth
 + Level 2.2 Shields
 + Level 2.2 Unarmed Combat
 + Level 5.5 Spellcasting
 + Level 1.8 Conjurations
 + Level 1.8 Hexes
 + Level 5.7 Charms
 + Level 1.8 Summonings
 + Level 1.8 Necromancy
 + Level 1.8 Translocations
 + Level 1.8 Transmutations
 + Level 1.8 Fire Magic
 + Level 1.8 Ice Magic
 + Level 1.8 Air Magic
 + Level 1.8 Earth Magic
 + Level 1.8 Poison Magic
 + Level 2.5 Invocations
 + Level 2.2 Evocations


You had 11 spell levels left.
You knew the following spells:

 Your Spells              Type           Power        Failure   Level  Hunger
a - Infusion              Chrm           ####         1%          1    None
b - Song of Slaying       Chrm           #####...     1%          2    None
c - Regeneration          Chrm/Necr      ####......   1%          3    ##.....

Your spell library contained the following spells:

 Spells                   Type           Power        Failure   Level  Hunger
 Shroud of Golubria       Chrm/Tloc      ####..       1%          2    None
 Spectral Weapon          Hex/Chrm       ####....     1%          3    ##.....


Dungeon Overview and Level Annotations

Branches:
Dungeon (5/15)             Temple (1/1) D:4

Altars:
Dithmenos
Gozag
Nemelex Xobeh
Okawaru
Trog
Uskayaw
Vehumet
Wu Jian
Zin

Annotations:
D:4 Menkaure


Innate Abilities, Weirdness & Mutations

Your experience applies equally to all skills.
You have very sharp teeth.
Your uncanny sense of smell can sniff out nearby items.


Message History

The hornet completely misses you. The hornet barely misses you.
You closely miss the hornet. You bite the hornet.
The hornet is almost dead.
The black bear misses you. The black bear claws you.
* * * LOW HITPOINT WARNING * * *
The black bear claws you but does no damage.
The hornet stings you.
* * * LOW HITPOINT WARNING * * *
You feel yourself slow down.
You hit the hornet. You bite the hornet.
The hornet is almost dead.
You feel yourself speed up.
The hornet stings you but does no damage.
The black bear bites you.
* * * LOW HITPOINT WARNING * * *
The black bear misses you. The black bear completely misses you.
The hornet closely misses you. The black bear barely misses you.
The black bear claws you but does no damage.
The black bear claws you.
You die...

###....##....... #
##..##.............
####.................
..>##.##.#...........
......#.............
..................
................##
...........#.....######...
..####....##....@y.......#
...
##....รทรท##.#h...$....
.... #.......#####........
#......## .........
.........## .####.###
....?...## .. ...
........# #. ... ..#8#.#8#
#. .. h ###+###


You could see a hornet and a black bear.

Vanquished Creatures
  Edmund (D:3)
  An ogre (D:4)
  Ijyb (D:4)
  Natasha (thrice) (D:3)
  2 worker ants (D:4)
  Robin (D:4)
  4 adders
  An ooze (D:2)
  2 worms
  4 dart slugs
  A leopard gecko (D:1)
  2 orcs (D:3)
  4 giant cockroaches
  14 goblins
  7 hobgoblins
  11 jackals
  2 kobolds
  2 quokkas
  A ball python (D:4)
  7 bats
  6 frilled lizards
  7 rats
84 creatures vanquished.

Notes
Turn   | Place    | Note
-------+----------+-------------------------------------------
     0 | D:1      | 4FPSwarrior the Gnoll Skald began the quest for the Orb.
     0 | D:1      | Reached XP level 1. HP: 20/20 MP: 6/6
   205 | D:1      | Reached XP level 2. HP: 25/26 MP: 7/7
   859 | D:2      | Learned a level 2 spell: Song of Slaying
   939 | D:2      | Reached XP level 3. HP: 27/31 MP: 9/9
   944 | D:2      | Reached skill level 5 in Spellcasting
  1086 | D:2      | Reached skill level 1 in Invocations
  1305 | D:2      | Reached skill level 1 in Short Blades
  1305 | D:2      | Reached skill level 1 in Axes
  1305 | D:2      | Reached skill level 1 in Maces & Flails
  1305 | D:2      | Reached skill level 1 in Polearms
  1305 | D:2      | Reached skill level 1 in Staves
  1305 | D:2      | Reached skill level 1 in Slings
  1305 | D:2      | Reached skill level 1 in Bows
  1305 | D:2      | Reached skill level 1 in Crossbows
  1305 | D:2      | Reached skill level 1 in Throwing
  1305 | D:2      | Reached skill level 1 in Stealth
  1305 | D:2      | Reached skill level 1 in Shields
  1305 | D:2      | Reached skill level 1 in Unarmed Combat
  1305 | D:2      | Reached skill level 1 in Evocations
  1305 | D:2      | Reached XP level 4. HP: 31/38 MP: 11/11
  1798 | D:3      | Noticed Natasha
  1808 | D:3      | Killed Natasha
  1808 | D:3      | Reached skill level 1 in Conjurations
  1808 | D:3      | Reached skill level 1 in Hexes
  1808 | D:3      | Reached skill level 1 in Summonings
  1808 | D:3      | Reached skill level 1 in Necromancy
  1808 | D:3      | Reached skill level 1 in Translocations
  1808 | D:3      | Reached skill level 1 in Transmutations
  1808 | D:3      | Reached skill level 1 in Fire Magic
  1808 | D:3      | Reached skill level 1 in Ice Magic
  1808 | D:3      | Reached skill level 1 in Air Magic
  1808 | D:3      | Reached skill level 1 in Earth Magic
  1808 | D:3      | Reached skill level 1 in Poison Magic
  1813 | D:3      | Learned a level 3 spell: Regeneration
  1930 | D:3      | Noticed Natasha
  1935 | D:3      | Killed Natasha
  1935 | D:3      | Reached XP level 5. HP: 34/43 MP: 8/12
  2344 | D:3      | Found a faded altar of an unknown god.
  2359 | D:3      | Noticed Natasha
  2362 | D:3      | Killed Natasha
  2636 | D:4      | Noticed Edmund
  2636 | D:4      | Noticed Robin
  2747 | D:4      | Noticed an ogre
  2808 | D:3      | Killed Edmund
  2808 | D:3      | Reached XP level 6. HP: 39/50 MP: 11/14
  2974 | D:4      | Killed Robin
  2974 | D:4      | Reached skill level 5 in Fighting
  2974 | D:4      | Reached skill level 5 in Long Blades
  2974 | D:4      | Reached skill level 5 in Dodging
  3305 | D:4      | Found a staircase to the Ecumenical Temple.
  3305 | D:4      | Noticed Ijyb
  3315 | D:4      | Killed Ijyb
  3330 | Temple   | Entered the Ecumenical Temple
  3416 | Temple   | Became a worshipper of Warmaster Okawaru
  3510 | D:4      | Noticed Menkaure
  3745 | D:4      | Reached XP level 7. HP: 56/56 MP: 11/15
  3757 | D:5      | Entered Level 5 of the Dungeon
  3802 | D:5      | You fall into a shaft and drop 3 floors!
  3870 | D:8      | Noticed a hornet
  3888 | D:8      | HP: 4/84 [black bear (1)]
  3888 | D:8      | Slain by a black bear

Levels and vault maps discovered:
D:1:      dpeg_arrival_radiant, layout_loops_ring
D:2:      layout_rooms
D:3:      layout_basic, chequers_ecumenical_altar_island,
          kennysheep_generic_room_14, uniq_natasha
D:4:      layout_loops_ring, minmay_temple_entry_wispy, first_ration,
          serial_shops, shop, uniq_edmund, uniq_menkaure, uniq_robin, uniq_ijyb
D:5:      layout_basic, nicolae_tso_swordbearing_angel, old_standard_altar,
          fedhas_altar_1, grunt_decor_cap, hex_medium, lightli_church_of_beogh,
          uniq_pikel
D:8:      layout_cave_pools, lemuel_mausoleum_altar_kikubaaqudgha,
          grunt_temple_overflow_open, old_standard_altar, uniq_maurice
Temple:   nicolae_temple_figure_zero

Skill      XL: |  1  2  3  4  5  6 |
---------------+-------------------+-----
Spellcasting   | 5 |  5.5
Invocations    | 1 2 |  2.5
Short Blades   | 1 2 |  2.2
Axes           | 1 2 |  2.2
Maces & Flails | 1 2 |  2.2
Polearms       | 1 2 |  2.2
Staves         | 1 2 |  2.2
Slings         | 1 2 |  2.2
Bows           | 1 2 |  2.2
Crossbows      | 1 2 |  2.2
Throwing       | 1 2 |  2.2
Stealth        | 1 2 |  2.2
Shields        | 1 2 |  2.2
Unarmed Combat | 1 2 |  2.2
Evocations     | 1 2 |  2.2
Conjurations   | 1 |  1.8
Hexes          | 1 |  1.8
Summonings     | 1 |  1.8
Necromancy     | 1 |  1.8
Translocations | 1 |  1.8
Transmutations | 1 |  1.8
Fire Magic     | 1 |  1.8
Ice Magic      | 1 |  1.8
Air Magic      | 1 |  1.8
Earth Magic    | 1 |  1.8
Poison Magic   | 1 |  1.8
Armour         | 3 |  3.4
Fighting       | 5 |  5.1
Long Blades    | 5 |  5.1
Dodging        | 5 |  5.1
Charms         | |  5.7

Action                   |  1- 3 |  4- 6 |  7- 9 || total
-------------------------+-------+-------+-------++-------
Melee: Falchion          |    82 |       |       ||    82
       Bite              |    11 |     7 |     3 ||    21
       Lajatang          |    29 |   143 |    21 ||   193
Throw: Boomerang         |     2 |     9 |       ||    11
 Cast: Infusion          |     1 |     9 |     1 ||    11
       Song of Slaying   |     2 |     3 |       ||     5
       Regeneration      |       |     2 |       ||     2
  Use: Scroll            |     5 |     3 |       ||     8
       Potion            |       |       |     4 ||     4
 Stab: Sleeping          |       |     1 |       ||     1
  Eat: Chunk             |     1 |     8 |     1 ||    10
Armor: Leather armour    |    42 |     1 |       ||    43
       Ring mail         |       |    54 |    22 ||    76
Dodge: Dodged            |    81 |   134 |    62 ||   277
       Rpst.: Falchion   |    19 |       |       ||    19
